 Dungeon Crawl Stone Soup version 0.19-a0-1827-g174f941 (webtiles) character file.

41 Kemay the Changer (level 3, 0/23 HPs)
             Began as an Octopode Transmuter on Oct 5, 2016.
             Slain by an adder (2 damage)
             ... on level 2 of the Dungeon on Oct 7, 2016.
             The game lasted 00:09:43 (898 turns).

Kemay the Changer (Octopode Transmuter)              Turns: 898, Time: 00:09:44

Health: 0/23       AC:  1    Str:  9    XL:     3   Next: 52%
Magic:  5/6        EV: 13    Int: 16    God:
Gold:   77         SH:  0    Dex: 12    Spells: 2 memorised, 2 levels left

rFire  . . .     SeeInvis .       - Unarmed
rCold  . . .     Gourm    .     (no shield)
rNeg   . . .     Faith    .     (helmet restricted)
rPois  .         Spirit   .     (no amulet)
rElec  .         Dismiss  .     (no ring)
rCorr  .         Reflect  .     (no ring)
MR     .....     Harm     .     (no ring)
Stlth  ++........               (no ring)
                                (no ring)
                                (no ring)
                                (no ring)
                                (no ring)

@: appendage
A: almost no armour, stealthy swim, amphibious, 8 rings, constrict 8, tentacle
spike 3, camouflage 1, gelatinous body 1
a: End Transformation


You were on level 2 of the Dungeon.
You were not hungry.
One of your tentacles had a temporary spike.
You visited 1 branch of the dungeon, and saw 2 of its levels.

You collected 77 gold pieces.

Inventory:

Missiles
 a - 12 arrows
Scrolls
 d - a scroll of enchant armour {unknown}
 g - a scroll of magic mapping {unknown}
 h - a scroll of recharging
 i - a scroll of identify {unknown}
 j - a scroll of noise
 k - a scroll of enchant weapon {unknown}
 q - 2 scrolls of amnesia
Potions
 e - 3 potions of haste {unknown}
 l - a potion of resistance {unknown}
 m - 3 potions of flight {unknown}
 n - a potion of curing {unknown}
 o - 2 potions of lignification {unknown}
 r - a potion of might {unknown}
 s - a potion of ambrosia {unknown}
Books
 b - a book of Changes

   Spells                             Type                      Level
   a - Beastly Appendage              Transmutation                1
   b - Sticks to Snakes               Transmutation                2
   c - Spider Form                    Transmutation/Poison         3
   d - Ice Form                       Ice/Transmutation            4
   e - Blade Hands                    Transmutation                5
Comestibles
 c - 2 bread rations
 f - 6 chunks of flesh
 p - 4 meat rations


   Skills:
 - Level 1.0 Fighting
 - Level 2.0 Dodging
 - Level 3.0 Unarmed Combat
 - Level 2.0 Spellcasting
 + Level 3.8 Transmutations


You had 2 spell levels left.
You knew the following spells:

 Your Spells              Type           Power        Failure   Level  Hunger
a - Beastly Appendage     Tmut           ##....       6%          1    #......
b - Spider Form           Tmut/Pois      #.........   34%         3    ###....


Dungeon Overview and Level Annotations

Branches:
Dungeon (2/15)

Altars:


Innate Abilities, Weirdness & Mutations

You cannot wear most types of armour.
You are very stealthy in the water. (Stealth+)
You are amphibious.
You can wear up to eight rings at the same time.
You can use your tentacles to constrict eight enemies at once.
Your skin changes colour to match your surroundings (Stealth+).
Your rubbery body absorbs attacks. (AC +1, EV +1)
One of your tentacles bears a large vicious spike.


Message History

The goblin hits you with a club.
* * * LOW HITPOINT WARNING * * *
You tentacle-slap the goblin.
You kill the goblin!
The adder misses you.
You tentacle-slap the adder. Your grab misses the adder.
The adder is moderately wounded.
The adder barely misses you.
You tentacle-slap the adder but do no damage.
You grab the adder. Your squeeze misses the adder.
The adder is lightly wounded.
You constrict the adder. The adder bites you.
* * * LOW HITPOINT WARNING * * *
You barely miss the adder.
The adder is moderately wounded.
You constrict the adder. The adder bites you but does no damage.
You tentacle-slap the adder. Your squeeze misses the adder.
The adder is severely wounded.
You constrict the adder. The adder bites you.
You die...

#..........#
..........#
......... .......
..... ... #S# #@#
####.# #####.##'####
### #.......[...#
#.# #...........#
#<# .#.....[.....###
#.#
...................#
#.#
.....#...........#.#
#.# ....
#...........#.# #..


You could see an adder.

Vanquished Creatures
  2 adders (D:2)
  A dart slug (D:1)
  A giant cockroach (D:2)
  4 goblins
  3 hobgoblins (D:1)
  3 jackals (D:2)
  2 bats (D:1)
  2 frilled lizards (D:1)
  2 rats (D:1)
20 creatures vanquished.

Notes
Turn   | Place    | Note
-------+----------+-------------------------------------------
     0 | D:1      | Kemay the Octopode Transmuter began the quest for the Orb.
     0 | D:1      | Reached XP level 1. HP: 13/13 MP: 3/3
   299 | D:1      | Reached XP level 2. HP: 18/18 MP: 3/5
   642 | D:1      | Upgraded the game from 0.19-a0-1815-g4007336 to 0.19-a0-1827-g174f941
   755 | D:2      | Reached XP level 3. HP: 23/23 MP: 4/6
   765 | D:2      | Learned a level 3 spell: Spider Form
   898 | D:2      | Slain by an adder

Vault maps used:
D:1:      evilmike_arrival_crescent
D:2:      marbit_many_paths, first_bread

Skill      XL: |  1  2 |
---------------+-------+-----
Transmutations | 3 |  3.8
Fighting       | |  1.0
Dodging        | |  2.0
Unarmed Combat | |  3.0
Spellcasting   | |  2.0

Action                   || total
-------------------------++-------
Melee: Unarmed           ||    45
       Constrict         ||    12
       Tentacles         ||    10
       Kick              ||     6
       Punch             ||     1
 Cast: Beastly Appendage ||    10
  Use: Scroll            ||     3
 Stab: Sleeping          ||     2
Armor: Skin              ||     5
Dodge: Dodged            ||    19
